 Dungeon Crawl Stone Soup version 0.30-a0-652-gcc886f7154 (webtiles) character file.

Game seed: 13992513286665500961

65 tilp the Covered (level 4, -1/32 (39) HPs)
             Began as a Meteoran Fighter on Jan 17, 2023.
             Slain by a kobold
             ... wielding a +0 short sword
              (4 damage)
             ... on level 4 of the Dungeon.
             The game lasted 00:02:28 (498 turns).

tilp the Covered (Meteoran Fighter)                  Turns: 498, Time: 00:02:28

HP:   -1/32 (39)    AC:  8    Str: 18    XL:     4   Next: 60%
MP:   5/5           EV: 10    Int:  9    God:
Gold: 77            SH:  5    Dex: 15    Spells: 3/3 levels left

rFire   . . .      SeeInvis .    a - +0 long sword
rCold   . . .      Faith    .    c - +0 buckler
rNeg    . . .      Spirit   .    b - +0 scale mail
rPois   .          Reflect  .    (no helmet)
rElec   .          Harm     .    (no cloak)
rCorr   .          Rampage  .    h - +0 pair of gloves
Will    .....                    (no boots) Stlth
                                 (no amulet)
HPRegen 0.25/turn                (no ring)
MPRegen 0.09/turn                (no ring)

@: glowing, heavily drained
A: sense surroundings 1, otherworldly, glowing, explore regen
a: no special abilities


You were on level 4 of the Dungeon.
You visited 1 branch of the dungeon, and saw 4 of its levels.

You collected 77 gold pieces.

Inventory:

Hand Weapons
 a - a +0 long sword (weapon)
Missiles
 e - 8 poisoned darts (quivered)
Armour
 b - a +0 scale mail (worn)
 c - a +0 buckler (worn)
 h - a +0 pair of gloves (worn)
Scrolls
 f - a scroll of identify {unknown}
 j - a scroll of amnesia {unknown}
 k - a scroll of vulnerability {unknown}
Potions
 d - a potion of curing {unknown}
 g - a potion of magic {unknown}
 i - 3 potions of degeneration {unknown}


   Skills:
 + Level 3.6 Fighting
 + Level 3.0 Long Blades
 - Level 4.0 Armour
 * Level 2.1 Dodging
 + Level 1.0 Stealth
 - Level 4.0 Shields


You had 3 spell levels left.
You didn't know any spells.
Your spell library was empty.

Dungeon Overview and Level Annotations

Branches:
Dungeon (4/15) Zot: 1877
 Temple: D:4-7

Altars:


Innate Abilities, Weirdness & Mutations

You passively map a small area around you.
You are easily found by Zot.
You glow in the dark.
You regain HP and MP as you explore.


Message History

You hit the orc but do no damage. The orc barely misses you.
The orc hits you but does no damage.
You barely miss the orc. The orc hits you but does no damage.
You feel drained. The kobold barely misses you.
The orc hits you with a +0 club.
You barely miss the orc.
The orc hits you with a +1 flail of draining.
You feel drained. You block the kobold's attack. The orc closely misses you.
The orc hits you with a +1 flail of draining!
You feel drained. The orc closely misses you. You block the kobold's attack.
You closely miss the orc.
The orc hits you with a +1 flail of draining!
You feel drained. The kobold hits you but does no damage.
The orc hits you with a +0 club.
You barely miss the orc. You block the orc's attack.
You block the kobold's attack. The orc hits you but does no damage.
You hit the orc but do no damage. You block the orc's attack.
The kobold hits you but does no damage. The orc hits you but does no damage.
The orc hits you with a +1 flail of draining.
You feel drained. You block the orc's attack. The kobold barely misses you.
You hit the orc.
The orc is lightly wounded.
The orc hits you with a +1 flail of draining.
* * * LOW HITPOINT WARNING * * *
You feel drained.
* * * LOW HITPOINT WARNING * * *
You block the kobold's attack. The orc hits you with a +0 club.
* * * LOW HITPOINT WARNING * * *
You closely miss the orc.
The orc is lightly wounded.
The orc hits you with a +1 flail of draining.
* * * LOW HITPOINT WARNING * * *
You feel drained. The kobold barely misses you. The orc closely misses you.
You closely miss the orc.
The orc is lightly wounded.
The orc barely misses you. The kobold closely misses you.
The orc hits you with a +0 club.
* * * LOW HITPOINT WARNING * * *
The orc closely misses you.
The kobold hits you with a +0 short sword.
You die...

###.>....##. *
...........
#..(....?. , ,
.........##** *
###.......#
.......<♣.♣
##........#
#.....)♣.♣#♣##
**
#.....@K......
*
......oo♣.♣.♣#.
.###........!.,
* ......♣.♣....
,
*####..........
, , #...$ .....
* #.... ..... ,
#..... ... **


You could see 2 orcs and a kobold.

Vanquished Creatures
  Terence (D:2)
  A worm (D:2)
  8 orcs
  3 endoplasms
  2 giant cockroaches
  3 goblins
  2 hobgoblins
  A quokka (D:1)
  3 ball pythons
  2 rats
26 creatures vanquished.

Notes
Turn   | Place    | Note
-------+----------+-------------------------------------------
     0 | D:1      | tilp the Meteoran Fighter began the quest for the Orb.
     0 | D:1      | Reached XP level 1. HP: 19/19 MP: 2/2
   168 | D:1      | Reached XP level 2. HP: 26/26 MP: 3/3
   328 | D:2      | Reached skill level 1 in Dodging
   394 | D:2      | Noticed Terence
   402 | D:2      | Killed Terence
   403 | D:2      | Reached XP level 3. HP: 24/31 MP: 4/4
   411 | D:2      | Reached XP level 4. HP: 37/38 MP: 5/5
   465 | D:2      | Reached skill level 1 in Stealth
   498 | D:4      | Slain by a kobold

Illustrated notes

Levels and vault maps discovered:
D:1:      dpeg_arrival_refuge, layout_basic, minmay_nonomino_d4
D:2:      layout_loops_corners, serial_shops, shop,
          ebering_ecumenical_altar_ruins, uniq_terence
D:3:      layout_basic
D:4:      layout_rooms, serial_forest, infiniplex_forest_straight_3,
          infiniplex_forest_end_1, infiniplex_forest_lined_3_way,
          infiniplex_forest_clump_small, infiniplex_forest_lined_room_2

Skill      XL: |  1  2  3  4 |
---------------+-------------+-----
Dodging        | 1 2 |  2.1
Armour         | 4 |  4.0
Shields        | 4 |  4.0
Long Blades    | 3 |  3.0
Stealth        | 1 |  1.0
Fighting       | |  3.6

Action                   |  1- 3 |  4- 6 || total
-------------------------+-------+-------++-------
Melee: Long sword        |    42 |    31 ||    73
  Use: Potion            |     1 |       ||     1
Armor: Scale mail        |    16 |    18 ||    34
Dodge: Dodged            |    14 |    16 ||    30
Block: Buckler           |    14 |    16 ||    30

Table legend: (Time is in decaauts)
 A = Elapsed time spent in this place.
 B = Non-inter-level travel time spent in this place.
 C = Inter-level travel time spent in this place.
 D = Time resting spent in this place.
 E = Time spent auto-exploring this place.
 F = Levels seen in this place.
 G = Mean time per level.
                   A        B        C        D        E       F      G
               +--------+--------+--------+--------+--------+-----+--------+
         Total |    520 |    492 |     28 |      0 |      0 |   4 |  130.0 |
       Dungeon |    520 |    492 |     28 |      0 |      0 |   4 |  130.0 |
               +--------+--------+--------+--------+--------+-----+--------+

Top non-repeatable levels by time:
     D:1: 312 daAuts
     D:2: 129 daAuts
     D:3: 55 daAuts
     D:4: 22 daAuts
